 Dungeon Crawl Stone Soup version 0.26-a0-200-g62faa89a7e (webtiles) character file.

Game seed: 8228414711018542827

0 Gargoyl the Skirmisher (level 1, -2/19 HPs)
             Began as a Centaur Abyssal Knight on July 5, 2020.
             Was a Follower of Lugonu.
             Killed from afar by a starcursed mass (6 damage)
             ... with an accursed screaming
             ... on level 3 of the Abyss.
             The game lasted 00:00:25 (144 turns).

Gargoyl the Skirmisher (Centaur Abyssal Knight)      Turns: 144, Time: 00:00:25

Health: -2/19      AC:  4    Str: 14    XL:     1   Next: 0%
Magic:  2/2        EV:  9    Int: 11    God:    Lugonu [*.....]
Gold:   91         SH:  0    Dex:  8    Spells: 0/0 levels left

rFire    . . .     SeeInvis .   a - +1 hand axe
rCold    + . .     Faith    .   (no shield)
rNeg     . . .     Spirit   .   b - +0 leather armour
rPois    .         Reflect  .   (no helmet)
rElec    .         Harm     .   (no cloak)
rCorr    .                      (no gloves)
MR       .....                  (no barding)
Stlth    ..........             (no amulet)
HPRegen  0.06/turn              d - ring of protection from cold
MPRegen  0.08/turn              (no ring)

@: very quick
A: large, hooves 3, deformed body, speed 2, tough skin 3
a: Depart the Abyss, Renounce Religion


You were on level 3 of the Abyss.
You worshipped Lugonu.
Lugonu was aware of your devotion.
You were not hungry.

You visited 0 branches of the dungeon, and saw 0 of its levels.
You visited the Abyss 1 time.

You collected 91 gold pieces.

Inventory:

Hand Weapons
 a - a +1 hand axe (weapon)
Armour
 b - a +0 leather armour (worn)
Jewellery
 d - a ring of protection from cold (left hand)
Comestibles
 c - 2 rations


   Skills:
 + Level 3.0 Fighting
 + Level 1.7 Axes
 + Level 1.3 Armour
 + Level 0.6 Dodging
 + Level 2.0 Invocations


You couldn't memorise any spells.
You didn't know any spells.
Your spell library was empty.

Dungeon Overview and Level Annotations

Branches:
Dungeon (0/15)

Altars:


Innate Abilities, Weirdness & Mutations

You have hooves in place of feet.
Armour fits poorly on your strangely shaped body.
You cover ground very quickly.
You have extremely tough skin. (AC +3)


Message History

You hear a shout! x2
A starcursed mass splits.
A chorus of shrieks assaults your mind.
A starcursed mass splits.
A starcursed mass splits.
A chorus of shrieks assaults your mind.
* * * LOW HITPOINT WARNING * * *
A starcursed mass splits.
A tentacled starspawn comes into view.
You feel a little less clever now.
A starcursed mass splits.
A starspawn tentacle comes into view.
A neqoxec comes into view.
The neqoxec shouts!
A tentacled starspawn comes into view.
Tentacles burst from the starspawn's body! 2 starspawn tentacles come into view.
A stone giant skeleton comes into view.
The starcursed mass shrieks in your mind.
You die...

#. #.#.# ...#.# #
##....# ##.####.....####
#.....#.##.#.#.#
#.#@..#......##.
#.#3#.....#.#. #
#.#.#.#...##..# .
#.#.#.#.#.#....# .
#Z#...#.#.### .# X
#.#...#.#...#...#####
#.#.#...#.#..#... .#.##X
.wX#.....#.#.X..##....X#
.#w#...#.#...#.X..####.


You could see a starcursed mass, a neqoxec, a starspawn tentacle and a stone
giant skeleton.

Vanquished Creatures (others)
  2 starspawn tentacles (Abyss:3)
2 creatures vanquished.

Notes
Turn   | Place    | Note
-------+----------+-------------------------------------------
     0 | Abyss:1  | Gargoyl the Centaur Abyssal Knight began the quest for the
                  | Orb.
     0 | Abyss:1  | Reached XP level 1. HP: 19/19 MP: 2/2
   121 | Abyss:3  | Noticed a large abomination
   126 | Abyss:3  | Noticed a starcursed mass
   137 | Abyss:3  | Noticed a tentacled starspawn
   142 | Abyss:3  | Noticed a neqoxec
   142 | Abyss:3  | Noticed a tentacled starspawn
   144 | Abyss:3  | Noticed a stone giant skeleton
   144 | Abyss:3  | Killed from afar by a starcursed mass

Illustrated notes

Levels and vault maps discovered:
Abyss:3:  bh_abyss_exit_grid, minivault_20,
          dshaligram_kb_abyss_rune_zappy_water_cross

Action                   || total
-------------------------++-------
  Use: Scroll            ||     1
       Potion            ||     1

Table legend:
 A = Non-vault XP
 B = Vault XP
 C = Vault XP percentage of total XP
 D = Non-vault monster count
 E = Vault monster count
 F = Vault count percentage of total count
                 A         B        C        D         E       F
            +---------+---------+-------+---------+---------+-------
      Total |       0 |       0 |   N/A |       0 |       0 |  -nan
            +---------+---------+-------+---------+---------+-------
            +---------+---------+-------+---------+---------+-------
